Map: [ESL] Data-C

Players

Scarlett - Winner!

  • Race: Zerg Zerg
  • Spawn Location: 3:00

Reaper

  • Race: Zerg Zerg
  • Spawn Location: 9:00

Event: DreamHack SC2 Masters 2022 Atlanta (Online)

VOD

Have the link to the VOD?

Description

Time

  • Played on: Oct. 6, 2022, 5:15 p.m.
  • Length: 13:12

All games in this series

Show
View Real Time Build Order
Export as new Build Order

Scarlett Zerg - Winner!

Build Orders: Hatch First, Lurkers, Roach Hydra 

Get SALT Encoding   

  12  0:00  Drone  
  13  0:12  Overlord  
  13  0:17  Drone  
  14  0:30  Drone x2  
  16  0:47  Hatchery  
  15  0:51  Drone  
  15  0:54  Drone  
  17  0:58  Drone  
  18  1:08  Extractor  
  17  1:13  Spawning Pool  
  17  1:16  Drone  
  17  1:20  Drone  
  18  1:28  Drone  
  19  1:38  Drone  
  20  1:49  Drone  
  21  2:00  Queen x2  
  21  2:01  Zergling x4  
  27  2:11  Zergling x4, Spine Crawler  
  28  2:21  Overlord  
  28  2:35  Drone  
  27  2:42  Queen x2  
  31  2:44  Overlord  
  31  2:45  Drone  
  31  2:49  Drone x2  
  34  2:59  Drone  
  35  3:06  Drone  
  35  3:07  Drone x2  
  35  3:10  Drone x4  
  42  3:13  Drone  
  42  3:18  Overlord  
  43  3:26  Evolution Chamber  
  42  3:28  Drone  
  42  3:33  Roach Warren  
  42  3:36  Drone x3  
  45  3:41  Lair  
  45  3:46  Drone  
  46  3:50  Drone x4  
  46  3:54  Drone  
  51  3:56  Zerg Missile Weapons Level 1  
  51  4:00  Extractor x2  
  49  4:05  Overlord  
  49  4:11  Drone x2  
  49  4:13  Overlord  
  51  4:27  Drone  
  51  4:29  Hatchery  
  51  4:31  Drone  
  51  4:32  Drone x6  
  51  4:35  Extractor  
  51  4:36  Queen  
  59  4:42  Glial Reconstitution  
  59  4:44  Queen  
  61  4:55  Drone x6  
  67  5:02  Overlord  
  67  5:03  Overlord  
  67  5:13  Hydralisk Den  
  66  5:20  Queen x2  
  70  5:29  Roach x6  
  70  5:31  Overseer  
  82  5:37  Overlord x2  
  82  5:41  Overseer  
  82  5:45  Roach x4  
  90  5:51  Zerg Missile Weapons Level 2  
  90  5:53  Muscular Augments  
  90  6:00  Spore Crawler  
  90  6:02  Drone  
  90  6:04  Drone x6  
  90  6:08  Spore Crawler  
  95  6:17  Spore Crawler, Drone  
  95  6:20  Drone x5, Overlord  
  95  6:21  Drone  
  101  6:29  Overlord x3  
  101  6:33  Drone x2  
  101  6:34  Drone  
  101  6:37  Extractor  
  102  6:42  Hydralisk x3  
  102  6:44  Hydralisk  
  110  6:49  Hydralisk  
  110  6:50  Hydralisk x2  
  110  6:52  Roach  
  110  6:54  Roach  
  120  6:59  Roach x2  
  124  7:04  Grooved Spines  
  124  7:20  Extractor  
  124  7:21  Hydralisk, Drone x3  
  124  7:22  Hydralisk  
  129  7:23  Roach x4  
  129  7:24  Overlord x5  
  129  7:29  Overlord x2  
  137  7:43  Roach x6  
  149  7:47  Roach, Ravager x4  
  149  7:48  Roach x2  
  149  7:51  Roach x2  
  163  7:55  Roach x3  
  169  8:06  Drone  
  169  8:07  Drone  
  169  8:10  Zerg Ground Armor Level 1  
  171  8:14  Overlord x2  
  171  8:15  Hatchery  
  171  8:17  Hydralisk  
  171  8:18  Hydralisk  
  174  8:25  Infestation Pit, Roach x3  
  179  8:37  Roach x7  
  193  8:43  Roach x3  
  199  9:00  Ravager  
  200  9:08  Spore Crawler  
  199  9:12  Hive  
  199  9:17  Lurker Den  
  192  9:19  Roach, Ravager x2  
  192  9:20  Roach x2  
  198  9:33  Roach  
  198  9:36  Extractor  
  198  9:37  Extractor  
  198  9:40  Roach  
  198  9:49  Ravager  
  198  9:50  Ravager  
  200  9:55  Overseer  
  200  9:56  Overseer  
  194  10:08  Zerg Ground Armor Level 2  
  181  10:14  Drone x3  
  181  10:15  Drone x3  
  181  10:19  Hydralisk x4  
  181  10:21  Evolution Chamber  
  193  10:25  Seismic Spines  
  193  10:28  Drone x3  
  194  10:31  Spine Crawler  
  194  10:32  Spine Crawler  
  192  10:36  Roach x4  
  189  11:01  Roach x16  
  195  11:13  Lurker x2  
  195  11:14  Lurker x2  
  199  11:25  Pneumatized Carapace  
  199  11:26  Overseer x4  
  197  11:44  Hydralisk x5  
  196  11:52  Hatchery, Roach x6  
  193  12:02  Roach x3  
  199  12:15  Adaptive Talons  
  194  12:41  Hydralisk x4  
  198  12:45  Lurker  
Show
View Real Time Build Order
Export as new Build Order

Reaper Zerg 

Build Orders: Pool First 

Get SALT Encoding   

  12  0:00  Drone  
  13  0:14  Overlord  
  13  0:17  Drone  
  14  0:32  Drone x2  
  16  0:35  Drone  
  17  0:45  Spawning Pool  
  17  0:47  Drone  
  17  1:09  Hatchery  
  16  1:12  Drone  
  17  1:32  Zergling x6  
  20  1:34  Extractor  
  20  1:35  Queen  
  21  1:43  Overlord  
  22  1:54  Drone  
  22  2:06  Drone  
  23  2:11  Queen  
  25  2:16  Drone  
  25  2:21  Queen  
  25  2:22  Drone  
  29  2:35  Drone x2  
  30  2:40  Drone  
  30  2:44  Drone x4  
  34  2:50  Overlord  
  34  2:56  Lair  
  34  2:58  Extractor  
  34  3:01  Drone x2  
  35  3:14  Drone x2  
  35  3:16  Evolution Chamber  
  36  3:22  Drone x2  
  36  3:23  Roach Warren  
  37  3:27  Drone x2  
  37  3:32  Overlord  
  39  3:40  Overlord  
  39  3:43  Overlord  
  39  3:46  Drone x2  
  41  3:50  Extractor  
  41  3:52  Extractor  
  39  3:59  Spire  
  39  4:02  Drone x2  
  40  4:06  Drone x2  
  42  4:13  Drone x3  
  42  4:14  Drone  
  46  4:21  Drone x3  
  49  4:24  Drone  
  49  4:26  Drone  
  49  4:30  Overlord  
  51  4:35  Overlord  
  50  5:02  Drone  
  50  5:04  Glial Reconstitution, Zerg Missile Weapons Level 1  
  51  5:12  Mutalisk x5  
  51  5:13  Hatchery  
  60  5:20  Roach x4  
  68  5:24  Overlord  
  68  5:31  Roach  
  68  5:32  Roach x2  
  74  5:36  Roach  
  76  5:46  Overlord  
  76  5:49  Roach x3  
  82  5:52  Overlord  
  82  5:54  Roach  
  82  5:55  Overlord  
  84  5:59  Overlord  
  84  6:15  Drone x5  
  89  6:20  Drone x2  
  91  6:26  Overlord, Evolution Chamber  
  91  6:28  Drone  
  91  6:29  Drone  
  92  6:40  Drone x3  
  92  6:43  Queen  
  92  6:44  Extractor  
  92  6:46  Drone  
  97  6:51  Overlord  
  97  6:52  Zerg Ground Armor Level 1  
  97  6:58  Drone x3  
  97  6:59  Roach  
  97  7:00  Roach x3  
  108  7:03  Roach  
  110  7:09  Overlord  
  110  7:11  Roach  
  110  7:13  Roach  
  114  7:19  Roach x3  
  114  7:22  Roach x2, Zerg Missile Weapons Level 2  
  124  7:24  Overseer  
  124  7:27  Roach x7  
  138  7:36  Overlord  
  138  7:46  Drone x6  
  138  7:49  Overlord  
  138  7:50  Infestation Pit, Roach  
  145  7:54  Overlord x2  
  145  7:58  Overlord  
  145  7:59  Ravager x3  
  145  8:00  Ravager  
  145  8:03  Extractor  
  145  8:05  Roach x3  
  154  8:10  Drone  
  155  8:18  Overlord x2  
  155  8:20  Roach  
  155  8:21  Roach x3  
  155  8:22  Hatchery  
  162  8:31  Roach x5  
  170  8:35  Hive  
  170  8:42  Drone x6  
  170  8:45  Ravager x3  
  170  8:46  Ravager x3  
  182  8:52  Overlord  
  182  8:53  Roach x3  
  188  8:58  Zerg Ground Armor Level 2  
  188  9:05  Roach  
  188  9:06  Roach x3  
  188  9:08  Overlord  
  194  9:18  Roach x3  
  194  9:24  Overlord  
  200  9:31  Roach x3  
  200  9:58  Viper x2  
  196  10:00  Roach x2  
  194  10:12  Roach x7  
  199  10:16  Ravager  
  200  10:21  Zerg Missile Weapons Level 3  
  200  10:22  Overlord  
  200  10:26  Roach x4  
  200  10:42  Roach  
  186  11:01  Roach x11  
  196  11:11  Roach x4  
  198  11:21  Ravager x2  
  189  11:41  Overlord  
  189  11:43  Roach x7  
  193  11:54  Roach x4  
  195  12:02  Roach x2  
  195  12:03  Overseer x2  
  197  12:09  Roach  
  183  12:39  Roach x10  
  184  12:52  Roach x3  
Tags
 
Add a new tag
Caveats
  • Supply blocks, unpowered buildings, or Contaminate may cause inaccurate times.
  • Supply counts are checked every 10 seconds.